[Event "55th Biel Festival MTO 2022"]
[Site "Biel"]
[Date "2022.07.19"]
[Round "6.15"]
[White "Azarov Sergei"]
[Black "Stijve, Theo"]
[Result "1/2-1/2"]
[ECO "B50"]
[WhiteElo "2566"]
[BlackElo "2394"]
[Annotator "TA"]
[PlyCount "65"]
[EventDate "2022.07.13"]
[EventType "swiss"]
[EventCountry "SUI"]
[SourceTitle "playchess.com"]
[Source "ChessBase"]
[SourceQuality "1"]
[TimeControl "40/5400+30:1800+30"]

1. e4 c5 2. Nf3 d6 3. c3 Nf6 4. Bd3 Nc6 5. h3 g6 6. O-O Bg7 7. Bc2 e5 8. d4 cxd4 9. cxd4 exd4 10. Nxd4 O-O 11. Nxc6 bxc6 12. Nc3 d5 13. Bg5 {[%emt 0:15:54] [#] Threatens to win with e5. B50: Sicilian: 2...d6, Miscellaneous.} h6 14. Be3 Re8 15. Ba4 Bd7 16. exd5 Nxd5 17. Nxd5 cxd5 18. Bxd7 Qxd7 {[%emt 0:00:32] [#]} 19. Bd4 $146 ({Predecessor:} 19. Qd2 Qb5 20. Rab1 h5 21. Rfd1 d4 22. Bh6 Re2 23. Qg5 Qxg5 24. Bxg5 Rc8 25. Rbc1 Rxc1 26. Bxc1 {½-½ (33) Rogulj,B (2425)-Berebora,F (2390) Split 1997}) 19... Re4 20. Bxg7 Kxg7 21. Qd3 Qe6 22. Rad1 Rd8 23. Rd2 d4 24. b4 h5 25. a4 Rc8 26. Rc2 {[%emt 0:02:03] Against Rc4} Rxc2 27. Qxc2 $11 {[%emt 0:00:05][%mdl 4096] Endgame KQR-KQR} Re1 (27... Re2 $5 28. Qd3 Qe5 $15) 28. Qd3 {[%emt 0:03:40] The position is equal.} Rxf1+ 29. Kxf1 Qd6 30. b5 Qb4 31. a5 Qxa5 32. Qxd4+ Kg8 33. Kg1 {[%emt 0:03:27] An uneventful encounter.  Weighted Error Value: White=0.02 (flawless) /Black=0.02 (flawless)} 1/2-1/2

[Event "55th Biel Festival MTO 2022"]
[Site "Biel"]
[Date "2022.07.19"]
[Round "6.16"]
[White "Rathanvel V S"]
[Black "Unuk, Laura"]
[Result "1/2-1/2"]
[ECO "C54"]
[WhiteElo "2478"]
[BlackElo "2340"]
[Annotator "TA"]
[PlyCount "39"]
[EventDate "2022.07.13"]
[EventType "swiss"]
[EventCountry "SUI"]
[SourceTitle "playchess.com"]
[Source "ChessBase"]
[SourceQuality "1"]
[TimeControl "40/5400+30:1800+30"]

1. e4 e5 2. Nf3 Nc6 3. Bc4 Bc5 4. c3 Nf6 5. d3 a5 6. O-O {[%emt 0:03:20] C54: Giuoco Piano: 4 c3 Nf6, main lines with 5 d4 and 5 d3.} d6 7. a4 h6 8. Re1 O-O 9. h3 Bb6 10. Be3 Bxe3 11. Rxe3 {[%emt 0:00:07] [#]} d5 $146 ({Predecessor:} 11... Ne7 12. Nbd2 Ng6 13. d4 Qe7 14. Bf1 Be6 15. Qc2 Rfd8 16. Ree1 c6 17. Rad1 Qc7 {0-1 (55) Swiercz,D (2656)-Oparin,G (2681) Chess.com INT 2022}) 12. exd5 Nxd5 13. Bxd5 Qxd5 14. Na3 Bf5 15. c4 Qc5 16. Nxe5 Rae8 ({Don't play} 16... Nxe5 17. d4 Qb4 18. Rxe5 $16) 17. Nb5 {[%emt 0:14:52] d4 is the strong threat.} Rxe5 18. d4 {[%emt 0:00:04] [#]} Nxd4 19. Rxe5 Qxe5 20. Qxd4 {[%emt 0:00:05] An interesting draw.  Weighted Error Value: White=0.03 (flawless) /Black=0.01 (flawless)} 1/2-1/2

[Event "55th Biel Festival MTO 2022"]
[Site "Biel"]
[Date "2022.07.19"]
[Round "6.17"]
[White "Ajay Krishna, S."]
[Black "Pavlovic Milos"]
[Result "1/2-1/2"]
[ECO "B08"]
[WhiteElo "2372"]
[BlackElo "2461"]
[Annotator "TA"]
[PlyCount "95"]
[EventDate "2022.07.13"]
[EventType "swiss"]
[EventCountry "SUI"]
[SourceTitle "playchess.com"]
[Source "ChessBase"]
[SourceQuality "1"]
[TimeControl "40/5400+30:1800+30"]

1. d4 d6 2. Nf3 g6 3. e4 Bg7 4. Be2 Nf6 5. Nc3 O-O 6. O-O Bg4 7. Be3 Nc6 8. d5 Bxf3 9. Bxf3 Ne5 10. Be2 c6 11. f4 Ned7 12. Kh1 {[%emt 0:05:42] B08: Pirc Defence: Classical System.} Qa5 {[%emt 0:07:18] [#]} 13. Rb1 $146 ({Predecessor:} 13. Bf3 Rfc8 14. Bd2 Rab8 15. Qe2 Qc7 16. Rae1 Nb6 17. b3 cxd5 18. exd5 Nfd7 19. Nb5 Qxc2 20. Nxa7 {½-½ (32) Petschar,K (2285)-Schlosser,M (2350) Austria 1987}) 13... Rfc8 14. Bg1 {[%emt 0:02:06] White is slightly better.} a6 15. Bf3 Qc7 16. Re1 Re8 17. Ne2 Rad8 (17... e5 $5 ) 18. g4 h6 19. h4 e5 20. dxe6 Rxe6 21. Nd4 Re7 22. g5 hxg5 23. hxg5 Nh7 24. Qd2 $36 {[%emt 0:01:28][%mdl 2048] White has good play.} Rde8 25. Ne2 f6 26. gxf6 Nhxf6 27. Ng3 (27. Nc3 $5 ) 27... Bh6 $1 28. Be3 $1 Nf8 (28... d5 $1 $11 {remains equal.} 29. exd5 (29. e5 Nxe5 30. fxe5 Qxe5 $17) 29... Nxd5 30. Bxd5+ cxd5) 29. Rbd1 (29. Kg2 $1 $16) 29... Qc8 {[%emt 0:01:34] [#]} (29... Ne6 $11) 30. Kg2 ({White should play} 30. Qg2 $1 $16 {And now Nf5 would win.} Nd5 31. Nh5 (31. exd5 Rxe3 32. Ne4 Rxe1+ 33. Rxe1 Kg7 $14) (31. Nf5 Rh7 $11)) 30... Nxe4 $11 31. Nxe4 Rxe4 32. Bxe4 Rxe4 33. Kf3 {[%emt 0:02:51] Against Qg4+} d5 {[%emt 0:01:09] Threatens to win with ...Qh3+.} (33... Qf5 $5 34. Qh2 Bg5 $11) 34. Qh2 {[%emt 0:00:07] Against Qh3+} Bg7 35. Bc1 Qf5 36. Rxe4 {[%emt 0:00:38] The board is on fire.} Qxe4+ 37. Kg3 Ne6 (37... g5 $5) 38. Qg2 {[%emt 0:00:25] Black must now prevent Qxe4.} Qf5 39. Qe2 g5 (39... Kf7 $11) 40. Qg4 $16 Qe4 {[%emt 0:00:56] [#]} 41. fxg5 (41. Rf1 $1 $16) 41... Be5+ $11 {[%emt 0:01:38] The position is equal.} 42. Kh3 Bf4 $1 {[%emt 0:01:14] Hoping for ...Nxg5+.} (42... Qh7+ 43. Kg2 Qh2+ 44. Kf1 Qh1+ 45. Kf2 Qh2+ 46. Qg2 Qh4+ 47. Kg1 $16) 43. Rf1 Qh7+ 44. Qh4 Qf5+ 45. Qg4 Qh7+ (45... Nxg5+ $2 46. Kh4 Qh7+ 47. Qh5 Bxc1 48. Qxh7+ (48. Rxc1 Nf3+ 49. Kg4 Nh2+ 50. Kg5 Qe7+ 51. Kf5 Qe4+ 52. Kf6 Ng4+ 53. Kg5 Qe3+ 54. Kxg4 Qxc1 $11) 48... Kxh7 49. Rxc1 $18) 46. Qh4 Qf5+ 47. Qg4 Qh7+ ({Don't do} 47... Nxg5+ 48. Kh4 Qh7+ 49. Qh5 Bxc1 50. Qxh7+ (50. Rxc1 Nf3+ 51. Kg4 Nh2+ 52. Kg5 Qe7+ 53. Kf5 Qe4+ 54. Kf6 Qf4+ 55. Kg6 Qf7+ 56. Kg5 Qe7+ 57. Kf5 Qf8+ 58. Ke6 Qc8+ 59. Ke5 Qb8+ 60. Kf6 Qf4+ 61. Kg6 Qf7+ 62. Kg5 Qe7+ $11) 50... Kxh7 51. Rxc1 $18) 48. Qh4 {[%emt 0:00:09] Weighted Error Value: White=0.23 (precise) /Black=0.23 (precise)} 1/2-1/2

[Event "55th Biel Festival MTO 2022"]
[Site "Biel"]
[Date "2022.07.19"]
[Round "6.18"]
[White "Herrera Reyes, Jose Antonio"]
[Black "Prraneeth Vuppala"]
[Result "0-1"]
[ECO "C44"]
[WhiteElo "2345"]
[BlackElo "2457"]
[Annotator "TA"]
[PlyCount "70"]
[EventDate "2022.07.13"]
[EventType "swiss"]
[EventCountry "SUI"]
[SourceTitle "playchess.com"]
[Source "ChessBase"]
[SourceQuality "1"]
[TimeControl "40/5400+30:1800+30"]

1. e4 e5 2. Nf3 Nc6 3. c4 Bc5 4. a3 a5 5. d3 d6 6. Be3 {[%emt 0:05:26] C44: Ponziani Opening and Scotch Gambit.} Nge7 7. Nc3 Nd4 {[%emt 0:03:30] [#]} 8. Bxd4 $146 {[%emt 0:07:00] Black is slightly better.} ({Predecessor:} 8. Be2 O-O 9. Nd5 Nec6 10. Nxd4 Bxd4 11. Qd2 f5 12. exf5 Bxf5 13. Bf3 Qd7 14. O-O {0-1 (36) Stoll,M (1976)-Gelfenboim,J (2213) Ditzingen 2005}) 8... exd4 9. Ne2 Nc6 10. Ng3 g5 (10... Bd7 $15) 11. Ng1 $11 Ne5 12. Be2 Be6 13. Bh5 Rg8 14. N1e2 g4 15. O-O a4 16. Kh1 Qg5 17. Ng1 Ng6 (17... Qf4 $15) 18. Bxg6 (18. f3 $11) 18... hxg6 $15 19. f4 (19. f3 $15) 19... Qh4 $17 {[%emt 0:00:58] White must now prevent ...Rh8.} 20. Re1 Rh8 21. Nf1 g3 ({Black should play} 21... Bd7 $19 22. Ne2 O-O-O) 22. h3 ({White should try} 22. Ne2) 22... Qxf4 $40 {[%emt 0:00:56][%mdl 128] Black wants a kill.} 23. Qf3 {[%emt 0:03:31] [#]} Qh4 {[%emt 0:02:05] 0x0.001e3bd5e9a5dp-1022s more active pieces.} (23... Qxf3 $1 $17 24. Nxf3 b5 25. cxb5 Rb8 26. Nxg3 Rxb5) 24. e5 O-O-O {[%emt 0:00:21] Hoping for ...g5.} 25. exd6 Bxd6 (25... c6 $17 26. Qxg3 Qh6) 26. Rxe6 (26. Re4 {was necessary.} Qg5 27. Rxd4) 26... fxe6 $19 27. Qd1 g5 28. Qxa4 g4 {[%emt 0:00:18] And now ...Rdf8 would win.} 29. c5 {[%emt 0:01:04] [#]} gxh3 $1 30. Nxh3 {[%emt 0:00:01] [#]} Qf6 $1 31. Qa8+ (31. Qc2 Bf4) 31... Kd7 {[%emt 0:00:01] ( -> ...Rxh3+)} 32. Qxb7 Rb8 {[%emt 0:00:36] Black mates.} 33. Qe4 {[%emt 0:01:19] [#]} Rxb2 $1 34. cxd6 {[%emt 0:00:23] [#]} (34. c6+ Kd8) 34... Rxh3+ $1 35. gxh3 Qf2 {[%emt 0:00:52] Weighted Error Value: White=0.64/Black=0.14 (very precise)} 0-1

[Event "55th Biel Festival MTO 2022"]
[Site "Biel"]
[Date "2022.07.19"]
[Round "6.19"]
[White "Panjwani Raja"]
[Black "Tanmay Chopra"]
[Result "1/2-1/2"]
[ECO "E04"]
[WhiteElo "2450"]
[BlackElo "2322"]
[Annotator "TA"]
[PlyCount "55"]
[EventDate "2022.07.13"]
[EventType "swiss"]
[EventCountry "SUI"]
[SourceTitle "playchess.com"]
[Source "ChessBase"]
[SourceQuality "1"]
[TimeControl "40/5400+30:1800+30"]

1. d4 Nf6 2. c4 e6 3. g3 d5 4. Nf3 dxc4 5. Bg2 c5 6. O-O Nc6 7. dxc5 Qxd1 8. Rxd1 Bxc5 9. Nbd2 c3 10. bxc3 O-O 11. Nb3 Be7 12. c4 Bd7 13. Bb2 {[%emt 0:02:42] E04: Open Catalan: 5 Nf3.} Rfc8 14. Rac1 {[%emt 0:07:58] [#] Strongly threatening Bxf6.} Be8 15. Nfd4 {[%emt 0:25:04] The position is equal.} a6 16. Nxc6 Bxc6 17. Bxc6 {[%emt 0:00:11] [#]} Rxc6 $146 ({Predecessor:} 17... bxc6 18. Be5 c5 19. Na5 Ra7 20. Rb1 Nd7 21. Bd6 Kf8 22. f4 Ke8 23. e4 Bd8 {½-½ (71) Stefanova,A (2469)-Koneru,H (2586) Warsaw 2021}) 18. Na5 {[%emt 0:00:27][%csl LRb7,LRc6] Hoping for Bxf6.} Rc7 19. Be5 Rc5 20. Bxf6 gxf6 21. Rd7 Rxa5 22. Rxe7 Rxa2 23. Rxb7 Rxe2 $11 {[%emt 0:07:09] KRR-KRR} 24. Rd1 (24. c5 $11 Rc8 25. c6) 24... Rc2 25. Rdd7 Rf8 26. Rdc7 {[%emt 0:00:27] [#]} Kg7 ({Better is} 26... h5 $1 $17) 27. Rb6 Kg6 {[%emt 0:01:55] ...Rd8 is the strong threat.} 28. Rxa6 {[%emt 0:05:05] Weighted Error Value: White=0.11 (very precise) /Black=0.05 (flawless)} 1/2-1/2

[Event "55th Biel Festival MTO 2022"]
[Site "Biel"]
[Date "2022.07.19"]
[Round "6.20"]
[White "Mohammad Nubairshah Shaikh"]
[Black "Aydin Gulenay"]
[Result "1-0"]
[ECO "E68"]
[WhiteElo "2445"]
[BlackElo "2100"]
[Annotator "TA"]
[PlyCount "111"]
[EventDate "2022.07.13"]
[EventType "swiss"]
[EventCountry "SUI"]
[SourceTitle "playchess.com"]
[Source "ChessBase"]
[SourceQuality "1"]
[TimeControl "40/5400+30:1800+30"]

1. Nf3 Nf6 2. g3 g6 3. b3 Bg7 4. Bb2 O-O 5. Bg2 d6 6. d4 c6 7. O-O Nbd7 8. c4 Re8 9. Nc3 e5 10. e4 exd4 11. Nxd4 Nc5 12. Qc2 h5 {[%emt 0:00:37] E68: King's Indian: Fianchetto: 6...Nbd7 7 0-0 e5 8 e4.} 13. Rad1 h4 14. b4 (14. gxh4 Nh5 15. Nce2 (15. b4 Ne6 $17) 15... Qxh4 $15) 14... Ncd7 {[%emt 0:14:06] White has an edge.} 15. b5 {[%emt 0:18:37] [#]} (15. gxh4 Nh5 $11) 15... Qc7 $146 ({Predecessor:} 15... hxg3 16. hxg3 Qc7 17. bxc6 bxc6 18. Nxc6 Bb7 19. Nb5 Qxc6 20. Nxd6 Ne5 21. Bxe5 Rxe5 {½-½ (30) Moujan,P (2253)-Wakeham,M (2237) ICCF email 2020}) 16. bxc6 bxc6 17. Ndb5 cxb5 $15 18. Nxb5 Qb8 {[%emt 0:15:42] Hoping for ...Bf8.} 19. Nxd6 Rf8 {[%emt 0:01:49][%mdl 8192] Loses the game.} (19... Re6 $1 $11 {and Black stays safe.}) 20. Nxc8 (20. gxh4 Nh5 $16) 20... Rxc8 21. e5 $1 {[%emt 0:00:07][%mdl 64] Discovered Attack} Nxe5 22. Bxa8 {[%emt 0:00:05] This bishop pair is nice.} Nxc4 23. Bxf6 Qxa8 24. Bxh4 ({Not} 24. Bxg7 Ne3 25. Rd8+ Rxd8 26. fxe3 Kxg7 $11) 24... Ne3 {[%emt 0:02:55][%csl Ge3][%cal Ra8g2] [#]} (24... Ne5 $2 25. Qxc8+ $3 Qxc8 26. Rd8+ Qxd8 27. Bxd8) 25. Qxc8+ $3 Qxc8 {[%emt 0:00:01] [#]} 26. Rd8+ ({Inferior is} 26. fxe3 Qe6 27. Rd3 f6 $11) 26... Qxd8 27. Bxd8 Nxf1 28. Kxf1 $18 {[%emt 0:00:02][%mdl 4096] Endgame KB-KB} Kf8 29. Ke2 Ke8 30. Ba5 Kd7 31. Kd3 Kc6 (31... Be5 {keeps fighting.} 32. Kc4 Kc6) 32. Bc3 Bf8 33. g4 Be7 34. Ke4 a6 35. Bd4 Kd6 36. f4 Ke6 37. f5+ gxf5+ $2 (37... Kd6 $18 38. fxg6 fxg6) 38. gxf5+ Kd6 39. Be5+ Kd7 40. Kd5 Bg5 41. Bd6 Bh4 42. a4 {[%emt 0:00:00] Bg3 would kill now.} Bg5 43. Bg3 {[%emt 0:00:00] White mates.} Ke7 44. h4 Bh6 45. Be5 Bd2 46. Kc6 Be1 47. h5 Bd2 48. Kb6 a5 49. Kb5 Kf8 50. Bc7 Kg7 51. Bxa5 Be3 52. Bb6 Bd2 53. Bd4+ Kh6 54. a5 Bxa5 55. Kxa5 Kxh5 {[%emt 0:00:07] [#]} 56. f6 $1 {[%emt 0:00:00] Weighted Error Value: White=0.14 (very precise) /Black=0.68} 1-0

[Event "55th Biel Festival MTO 2022"]
[Site "Biel"]
[Date "2022.07.19"]
[Round "6.21"]
[White "Karthik Rajaa"]
[Black "Gurel Ediz"]
[Result "1/2-1/2"]
[ECO "B46"]
[WhiteElo "2331"]
[BlackElo "2435"]
[Annotator "TA"]
[PlyCount "41"]
[EventDate "2022.07.13"]
[EventType "swiss"]
[EventCountry "SUI"]
[SourceTitle "playchess.com"]
[Source "ChessBase"]
[SourceQuality "1"]
[TimeControl "40/5400+30:1800+30"]

1. e4 c5 2. Nf3 e6 3. d4 cxd4 4. Nxd4 a6 5. Bd3 Qc7 6. O-O Nc6 7. Nxc6 bxc6 8. Qe2 d5 9. Nc3 Nf6 10. Bg5 {[%emt 0:00:30][%cal Bc1g5,Bg5h4,Bh4g3][%mdl 32] Strongly threatening Bxf6. B46: Sicilian: Taimanov: 5 Nc3 a6.} Bb7 11. Rfe1 h6 12. Bh4 {[%emt 0:01:42] White is slightly better.} Be7 13. Bg3 {[%emt 0:24:26] [#]} Qd8 $146 ({Predecessor:} 13... Qb6 14. e5 Nd7 15. Qg4 g6 16. Bxg6 Rg8 17. Bxf7+ Kxf7 18. Qh5+ Rg6 19. Ne2 Rag8 {0-1 (32) Schneider,H (2229)-Farago,I (2500) Deizisau 2002}) 14. Rab1 O-O 15. b4 Nd7 (15... a5 $11 {is superior.}) 16. Na4 a5 (16... c5 $5 17. exd5 Bxd5 $11) 17. b5 cxb5 18. exd5 $1 Bxd5 19. Bxb5 {[%emt 0:00:22] Black must now prevent c4.} Rc8 {[%emt 0:03:49] [#]} (19... Qc8 $1 $14) 20. c4 (20. Red1 $1 $18) 20... Bc6 $16 {[%emt 0:00:09][%cal Oe6e5] [#]} 21. Red1 $1 {[%emt 0:03:54] Weighted Error Value: White=0.15 (very precise) /Black=0.26 (precise)} 1/2-1/2

[Event "55th Biel Festival MTO 2022"]
[Site "Biel"]
[Date "2022.07.19"]
[Round "6.22"]
[White "Sahithi Varshini M"]
[Black "Krishna C R G"]
[Result "0-1"]
[ECO "C07"]
[WhiteElo "2312"]
[BlackElo "2430"]
[Annotator "TA"]
[PlyCount "64"]
[EventDate "2022.07.13"]
[EventType "swiss"]
[EventCountry "SUI"]
[SourceTitle "playchess.com"]
[Source "ChessBase"]
[SourceQuality "1"]
[TimeControl "40/5400+30:1800+30"]

1. e4 e6 2. d4 d5 3. Nd2 c5 4. Ngf3 cxd4 5. Nxd4 Nf6 6. exd5 Qxd5 7. N4f3 {[%emt 0:00:30] C07: French Tarrasch: 3...c5, 4 Ngf3 and 4 exd5 Qxd5.} Nbd7 8. Bc4 Qc5 9. O-O {[%emt 0:04:06] [#] The position is equal.} Bd6 $146 ({Predecessor:} 9... Be7 10. a3 O-O 11. Bd3 b6 12. b4 Qh5 13. c4 a5 14. Rb1 axb4 15. axb4 Bb7 16. Re1 Rfd8 {1-0 (37) Kuba,G (2338)-Genser,H (2303) Austria 2017}) 10. Bd3 O-O 11. a3 b6 12. b4 Qc7 13. Nc4 Be7 14. Bb2 Bb7 15. Nfe5 {[%emt 0:06:28] Inhibits Ng4.} Rad8 16. Qe2 Nxe5 17. Bxe5 Qc6 {[%emt 0:03:06][%csl Gb7][%cal Rc6g2] [#]} 18. f3 Rc8 19. Rfe1 Rfd8 20. Ne3 {[%emt 0:02:22] Bb5 is the strong threat.} Bd6 21. Bxd6 Qxd6 22. Ba6 Bxa6 23. Qxa6 Qc7 24. c4 {[%emt 0:00:51] Inhibits Nd5.} Nd7 25. a4 (25. Rad1 $15) 25... Ne5 $17 {[%emt 0:01:01] And now ...Nd3 would win.} 26. Ra3 {[%emt 0:02:38] This move loses the game for White.} (26. Red1 $17 {might work better.}) 26... Qd6 $19 ({Don't take} 26... Nxc4 27. Rc3 $18) 27. Rb3 {[%emt 0:02:30] [#]} Qd2 28. Rf1 Nd3 29. Ng4 (29. Nd1) 29... h5 30. Qxa7 hxg4 31. Qxb6 gxf3 32. gxf3 Nf4 {[%emt 0:00:16] Weighted Error Value: White=0.71/Black=0.03 (flawless)} 0-1

[Event "55th Biel Festival MTO 2022"]
[Site "Biel"]
[Date "2022.07.19"]
[Round "6.23"]
[White "Popiol Michal"]
[Black "Peyrer, Konstantin"]
[Result "1-0"]
[ECO "A29"]
[WhiteElo "2118"]
[BlackElo "2406"]
[Annotator "TA"]
[PlyCount "111"]
[EventDate "2022.07.13"]
[EventType "swiss"]
[EventCountry "SUI"]
[SourceTitle "playchess.com"]
[Source "ChessBase"]
[SourceQuality "1"]
[TimeControl "40/5400+30:1800+30"]

1. c4 Nf6 2. Nc3 e5 3. g3 d5 4. cxd5 Nxd5 5. Bg2 Nb6 6. Nf3 Nc6 7. O-O Be7 8. d3 O-O 9. a3 Be6 10. b4 f6 11. Bb2 Qd7 12. Rc1 {[%emt 0:02:26] A29: English Opening: Four Knights Variation with 4 g3.} Rad8 (12... a5 $5 ) 13. Ne4 Bd5 14. Nc5 {[%emt 0:01:29] The position is equal.} Qc8 (14... Bxc5 $5 15. Rxc5 (15. bxc5 Nc8 $11) 15... a6 $11) 15. Qc2 Bxc5 16. Qxc5 {[%emt 0:00:07] [#]} Qe6 $146 ({Predecessor:} 16... Na4 17. Qc2 Nxb2 18. Qxb2 Nd4 19. Nxd4 Bxg2 20. Kxg2 exd4 21. Qb3+ Kh8 22. Rc2 Rd7 {½-½ (68) Titz,H (2191)-Zsifkovits,R (2152) Zwettl 2012}) 17. Ba1 (17. b5 $1 $14 Ne7 18. Ba1 (18. Qxc7 Rc8 $11)) 17... a6 $11 18. Nd2 Bxg2 19. Kxg2 Qa2 20. Qc3 Nd4 {[%emt 0:03:33] Prevents Qb3+.} 21. Rfe1 Rf7 {[%emt 0:01:13] Threatens to win with ...Na4.} 22. Qb2 $1 Qd5+ 23. Kg1 h5 24. Rc5 (24. h4 $11) 24... Nxe2+ $2 25. Rxe2 $16 Qxd3 {[%emt 0:00:10] [#]} 26. Nf1 $1 {[%emt 0:01:15] Strongly threatening Rd2.} Na4 {[%emt 0:00:09] [#] This move loses the game for Black.} (26... Nc4 $16 27. Qa2 b5) 27. Qa2 $1 $18 {[%emt 0:00:17] Hoping for Rd2.} Nxc5 28. Rd2 {[%emt 0:00:17][%mdl 64] Skewer} Nb3 (28... Na4 29. Rxd3 Rxd3) 29. Rxd3 Rxd3 30. Qc2 e4 31. Bc3 Nd4 32. Bxd4 Rxd4 33. Qc5 Rd3 34. Qxh5 {[%emt 0:03:35] White is clearly winning.} Rxa3 35. Qd5 {[%emt 0:00:08] Inhibits a5.} c6 36. Qxe4 a5 (36... Kf8 $142 37. Ne3 Re7) 37. Qe8+ Rf8 38. Qe6+ Kh8 39. Qe7 Kg8 40. Qxb7 a4 41. Qxc6 Ra1 42. Qc4+ Kh8 43. Qc3 Rb1 44. Kg2 Rb8 45. Ne3 R1xb4 46. Nd5 R4b7 47. Qf3 Ra7 48. Qe3 Rbb7 49. Qa3 Ra8 50. Nb4 Rb6 51. Qf3 Ra7 52. Nc6 Rf7 53. Qd5 Rfb7 54. Qh5+ Kg8 55. Qe8+ Kh7 56. Ne7 {[%emt 0:00:00] Weighted Error Value: White=0.09 (flawless) /Black=0.48} 1-0

[Event "55th Biel Festival MTO 2022"]
[Site "Biel"]
[Date "2022.07.19"]
[Round "6.24"]
[White "Dishman Stephen"]
[Black "Hilby Craig"]
[Result "1/2-1/2"]
[ECO "B27"]
[WhiteElo "2252"]
[BlackElo "2422"]
[Annotator "TA"]
[PlyCount "69"]
[EventDate "2022.07.13"]
[EventType "swiss"]
[EventCountry "SUI"]
[SourceTitle "playchess.com"]
[Source "ChessBase"]
[SourceQuality "1"]
[TimeControl "40/5400+30:1800+30"]

1. Nf3 g6 2. e4 c5 3. c3 Bg7 4. d4 cxd4 5. cxd4 d5 6. e5 Nc6 7. Bb5 $1 {[%emt 0:01:05][%mdl 4] now scores much better than the old 7.Nc3. B27: Sicilian: 2 Nf3, unusual Black 2nd moves.} Bg4 8. Nbd2 (8. Bxc6+ $5 bxc6 9. Nbd2 $14) 8... Qb6 9. Bxc6+ {[%emt 0:04:19] White has an edge.} Qxc6 10. h3 Bd7 11. O-O Rc8 12. Nb1 {[%emt 0:03:04] [#]} e6 $146 ({Predecessor:} 12... Nh6 13. Nc3 O-O 14. Qb3 Be6 15. Bf4 f6 16. exf6 exf6 17. Nb5 Qb6 18. Nd6 Rc6 19. Nxb7 {1-0 (42) Gagare,S (2476)-Nguyen,P (2420) Pardubice 2019}) 13. Nc3 h6 14. Bf4 Ne7 15. Qd2 g5 16. Be3 Nf5 17. Nh2 Qb6 18. Rad1 Rg8 (18... Bf8 $11) 19. g4 $16 Nxe3 20. fxe3 Bc6 21. Rf2 ({Don't play} 21. Qf2 Rc7 $11) 21... Rc7 22. Nf1 {[%emt 0:00:45] White is more active.} Rf8 23. Ng3 f6 {[%emt 0:00:19] [#]} (23... Kd8 $16 24. Nh5 Bh8) 24. exf6 (24. Qd3 $1 $18 {and White stays clearly on top.}) 24... Bxf6 25. Nh5 ({White should play} 25. Rdf1 $16 Rcf7 26. Qd3) 25... Rcf7 $11 {[%emt 0:00:47][%cal Of6d4] aiming for ...Bxd4! The position is equal.} 26. Rdf1 Be7 27. Rxf7 Rxf7 28. Rxf7 Kxf7 29. Qc2 Ke8 30. Ng7+ {[%emt 0:04:03] Pair of Knights!} Kd7 $1 31. Qg6 Qxb2 32. Qe8+ Kd6 33. Qb8+ Kd7 {[%emt 0:00:04] [#] ...Bd8 is the strong threat.} 34. Qe8+ Kd6 35. Qb8+ {[%emt 0:01:47] Weighted Error Value: White=0.13 (very precise) /Black=0.18 (very precise)} 1/2-1/2